 Dungeon Crawl Stone Soup version 0.19.0-20-gbc5f0c6 (webtiles) character file.

435 Minion the Spear-Bearer (level 7, -11/50 HPs)
             Began as a Merfolk Gladiator on Nov 17, 2016.
             Was a Follower of Ru.
             Mangled by Prince Ribbit (14 damage)
             ... on level 5 of the Dungeon.
             The game lasted 00:11:30 (3926 turns).

Minion the Spear-Bearer (Merfolk Gladiator)         Turns: 3926, Time: 00:11:30

Health: -11/50     AC:  8    Str: 20    XL:     7   Next: 0%
Magic:  7/7        EV: 21    Int:  7    God:    Ru [*.....]
Gold:   172        SH:  0    Dex: 22    Spells: 0 memorised, 6 levels left

rFire  . . .     SeeInvis .     s - +4 trident
rCold  . . .     Gourm    .     w - +0 ring mail
rNeg   . . .     Faith    +     (no shield)
rPois  +         Spirit   .     c - +0 helmet
rElec  .         Reflect  .     (no cloak)
rCorr  .         Harm     .     A - +0 pair of gloves
MR     .....                    b - +0 pair of boots
Stlth  +++.......               y - amulet of faith
                                z - ring of poison resistance (curse)
                                e - ring of stealth

@: mighty, agile, flying
A: change form in water, swift swim, stealthy swim, missing an eye
a: Renounce Religion


You were on level 5 of the Dungeon.
You worshipped Ru.
Ru was aware of your devotion.
You were hungry.

You visited 1 branch of the dungeon, and saw 5 of its levels.

You collected 172 gold pieces.

Inventory:

Hand Weapons
 s - a +4 trident (weapon)
Missiles
 d - 3 throwing nets (quivered)
Armour
 b - a +0 pair of boots (worn)
 c - a +0 helmet (worn)
 w - a +0 ring mail (worn)
 A - a +0 pair of gloves (worn)
Jewellery
 e - a ring of stealth (left hand)
 l - an uncursed ring of wizardry
 y - an amulet of faith (around neck)
 z - a cursed ring of poison resistance (right hand)
Wands
 v - a wand of confusion (18/48)
 C - a wand of lightning (6/15)
Scrolls
 a - a scroll of enchant armour {unknown}
 g - a scroll of noise {unknown}
 j - 3 scrolls of enchant weapon {unknown}
 k - 3 scrolls of teleportation {unknown}
 o - a scroll of recharging {unknown}
 p - 5 scrolls of remove curse {unknown}
 r - a scroll of blinking {unknown}
 x - a scroll of immolation {unknown}
Potions
 h - a potion of might
 i - 2 potions of flight
 B - a potion of curing
Comestibles
 f - 10 bread rations
 n - a chunk of flesh
 q - a meat ration
 t - a beef jerky
 u - 21 fruits


   Skills:
 - Level 2.1 Fighting
 + Level 9.4 Polearms
 - Level 2.0 Throwing
 + Level 6.5 Dodging


You had 6 spell levels left.
You didn't know any spells.

Dungeon Overview and Level Annotations

Branches:
Dungeon (5/15)
 Temple: D:4-7

Altars:
Ashenzari
Fedhas
Nemelex Xobeh
Qazlal
Ru
Uskayaw
Xom

Annotations:
D:5 Prince Ribbit


Innate Abilities, Weirdness & Mutations

You revert to your normal form in water.
You are very nimble and swift while swimming.
You are very stealthy in the water. (Stealth+)
You are missing an eye, making it more difficult to aim.


Message History

It was a potion of agility.
You feel agile all of a sudden.
Prince Ribbit blinks!
You are too injured to fight recklessly!
Attack whom?
Press: ? - help, Dir - move target cursor, p - Prince Ribbit You reach to attack!
You attack empty space.
Prince Ribbit blinks!
Found a scroll labeled DOQILI OVAT.
Attack whom?
Press: ? - help, Dir - move target cursor, f - Prince Ribbit
Aim: Prince Ribbit You reach to attack!
You closely miss Prince Ribbit. You puncture Prince Ribbit!
Prince Ribbit is moderately wounded.
Prince Ribbit hits you!
* * * LOW HITPOINT WARNING * * *
You puncture Prince Ribbit!
Prince Ribbit is heavily wounded.
Prince Ribbit hits you!
You die...

...♣♣♣..P♣♣♣..P♣♣♣P.##+##
..PPPPP.P.P....PP.... .
..................... ..
........P.P..PP..P..
♣..P♣♣♣...♣♣♣..P♣♣♣..#
♣.. ♣...♣ ♣P..♣ ...
♣♣P..♣♣♣...♣♣♣..P♣♣♣ ..
..P..PP.P...P...P...
............@F......
P.....PPP........PP.
♣♣P.P♣♣♣..P♣♣♣...♣♣♣ ♣.!P
♣..P♣ ..P♣ ♣P. ♣P..♣ ..♣
.. .PP... ?.PP . ........
.... .......PP ....


You could see Prince Ribbit.

Vanquished Creatures
  A scorpion (D:4)
  A bullfrog zombie (D:5)
  A hound (D:4)
  An orc priest (D:4)
  2 orc wizards (D:4)
  Natasha (twice) (D:2)
  A worker ant (D:4)
  A hound skeleton (D:4)
  5 adders
  2 oozes
  4 worms
  A dart slug (D:1)
  3 leopard geckos
  6 orcs (D:4)
  15 bats
  A giant cockroach (D:1)
  4 goblins
  8 hobgoblins
  5 jackals (D:5)
  3 kobolds
  6 quokkas
  3 ball pythons
  7 frilled lizards
  5 rats
88 creatures vanquished.

Notes
Turn   | Place    | Note
-------+----------+-------------------------------------------
     0 | D:1      | Minion the Merfolk Gladiator began the quest for the Orb.
     0 | D:1      | Reached XP level 1. HP: 16/16 MP: 1/1
    52 | D:1      | Reached skill level 5 in Polearms
    63 | D:1      | Reached XP level 2. HP: 3/22 MP: 2/2
   436 | D:1      | Reached skill level 6 in Polearms
   436 | D:1      | Reached XP level 3. HP: 14/27 MP: 3/3
   852 | D:2      | Found a shattered altar of Ashenzari.
  1270 | D:2      | Found a blossoming altar of Fedhas.
  1356 | D:2      | Reached XP level 4. HP: 33/33 MP: 4/4
  1387 | D:2      | Noticed Natasha
  1392 | D:2      | Killed Natasha
  1392 | D:2      | Reached skill level 7 in Polearms
  1763 | D:2      | Noticed Natasha
  1768 | D:2      | Killed Natasha
  1768 | D:2      | Reached XP level 5. HP: 38/38 MP: 5/5
  1947 | D:3      | Found a stormy altar of Qazlal.
  1947 | D:3      | Found a shimmering altar of Xom.
  1948 | D:3      | Found a hide-covered altar of Uskayaw.
  2057 | D:3      | Found a sacrificial altar of Ru.
  2065 | D:3      | Became a worshipper of Ru the Awakened
  2093 | D:3      | Reached skill level 8 in Polearms
  2424 | D:3      | Found a sparkling altar of Nemelex Xobeh.
  2542 | D:4      | Reached skill level 5 in Dodging
  2563 | D:4      | Reached XP level 6. HP: 40/44 MP: 6/6
  3053 | D:4      | Reached skill level 9 in Polearms
  3263 | D:4      | Gained mutation: You are missing an eye, making it more difficult to aim. [Ru sacrifice]
  3263 | D:4      | Reached * piety under Ru
  3571 | D:5      | Entered Level 5 of the Dungeon
  3643 | D:5      | Noticed Prince Ribbit
  3667 | D:5      | Reached XP level 7. HP: 43/50 MP: 7/7
  3926 | D:5      | Mangled by Prince Ribbit

Skill      XL: |  1  2  3  4  5  6 |
---------------+-------------------+-----
Polearms       | 5 6 7 8 9 |  9.4
Dodging        | 5 6 |  6.5
Fighting       | |  2.1
Throwing       | |  2.0

Action                   |  1- 3 |  4- 6 |  7- 9 || total
-------------------------+-------+-------+-------++-------
Melee: Trident           |   123 |   150 |    26 ||   299
       Tailslap          |     1 |       |       ||     1
Invok: Sacrifice an Eye  |       |     1 |       ||     1
  Use: Potion            |       |       |     4 ||     4
 Stab: Sleeping          |     3 |     8 |       ||    11
       Distracted        |       |       |     1 ||     1
  Eat: Chunk             |     1 |     8 |       ||     9
Armor: Leather armour    |    25 |       |       ||    25
       Chain mail        |    15 |     1 |       ||    16
       Ring mail         |       |    30 |     5 ||    35
Dodge: Dodged            |    65 |    64 |    13 ||   142
